 Dungeon Crawl Stone Soup version 0.30.0-15-g856e2d3f33 (webtiles) character file.

Game seed: 4975955276942790451

14 booth the Conjurer (level 2, -8/22 HPs)
             Began as a Demonspawn Reaver on May 19, 2023.
             Mangled by a kobold
             ... wielding a +6 short sword
              (9 damage)
             ... on level 1 of the Dungeon.
             The game lasted 00:01:54 (354 turns).

booth the Conjurer (Demonspawn Reaver)               Turns: 354, Time: 00:01:55

Health: -8/22      AC:  4    Str: 12    XL:     2   Next: 31%
Magic:  5/5        EV: 11    Int: 14    God:
Gold:   32         SH:  0    Dex: 11    Spells: 2/5 levels left

rFire   . . .        a - +0 hand axe
rCold   . . .        (no shield)
rNeg    . . .        b - +0 leather armour
rPois   .            (no helmet)
rElec   .            (no cloak)
rCorr   .            (no gloves)
SInv    .            (no boots)
Will    .....        (no amulet)
Stlth   +            (no ring)
HPRegen 0.23/turn    (no ring)
MPRegen 0.09/turn

%: no passive effects
@: no status effects
A: rugged brown scales 1
a: no special abilities


You were on level 1 of the Dungeon.
You visited 1 branch of the dungeon, and saw 1 of its levels.

You collected 32 gold pieces.

Inventory:

Hand Weapons
 a - a +0 hand axe (weapon)
Armour
 b - a +0 leather armour (worn)


   Skills:
 + Level 2.2 Fighting
 + Level 2.8 Axes
 + Level 2.0 Dodging
 + Level 2.1 Spellcasting
 + Level 3.1 Conjurations


You had 2 spell levels left.
You knew the following spells:

 Your Spells              Type           Power      Damage    Failure   Level
a - Kiss of Death         Conj/Necr      20%        2d7       16%         1
b - Momentum Strike       Conj/Tloc      10%        3d8       24%         2

Your spell library contained the following spells:

 Spells                   Type           Power      Damage    Failure   Level
 Hailstorm                Conj/Ice       5%         3d4       43%         3


Dungeon Overview and Level Annotations

Branches:
Dungeon (1/15)

Altars:


Innate Abilities, Weirdness & Mutations

You are partially covered in rugged brown scales. (AC +1, +3% HP)


Message History

You hit the ball python.
You kill the ball python!
The dart slug launches a dart at you. The slug dart misses you.
Your Dodging skill increases to level 2!
The dart slug launches a dart at you. The slug dart hits you.
Things that are here:
a +0 club; a kobold corpse; a giant cockroach corpse A kobold comes into view.
It is wielding a +6 short sword.
The kobold shouts!
The dart slug closely misses you.
You hit the dart slug.
The dart slug is heavily wounded.
The dart slug bites you.
A rat comes into view.
You barely miss the dart slug.
The dart slug is heavily wounded.
The dart slug barely misses you.
You hit the dart slug.
The dart slug is severely wounded.
You hit the dart slug.
You kill the dart slug!
The rat twitches its whiskers.
The kobold throws a stone.
The stone hits you but does no damage.
The kobold hits you with a +6 short sword.
You hit the kobold but do no damage. You completely miss the rat.
The kobold hits you with a +6 short sword.
The rat barely misses you.
You closely miss the kobold. You hit the rat.
You kill the rat!
The kobold hits you with a +6 short sword.
The kobold closely misses you.
You hit the kobold but do no damage. The kobold closely misses you.
You closely miss the kobold.
The kobold hits you with a +6 short sword!
* * * LOW HITPOINT WARNING * * *
You closely miss the kobold.
The kobold hits you with a +6 short sword!
You die...

#.#.# .# #.....
#.#.###.# #....##
#.......# #..... #
#.....### #.... ##.
#.#.#.#######.#.#...
#.#.........#.#.#.#
#.###.#####.).....#
#.....# ###.#†####.#
####### #.@K.....#
.......##.######
######> .# #. .# #.
.. .. .. #. .## ..
..


You could see a kobold.

Vanquished Creatures
  2 dart slugs (D:1)
  2 ball pythons (D:1)
  A giant cockroach (D:1)
  A hobgoblin (D:1)
  A bat (D:1)
  2 kobolds (D:1)
  A rat (D:1)
10 creatures vanquished.

Notes
Turn   | Place    | Note
-------+----------+-------------------------------------------
     0 | D:1      | booth the Demonspawn Reaver began the quest for the Orb.
     0 | D:1      | Reached XP level 1. HP: 16/16 MP: 3/3
   320 | D:1      | Gained mutation: You are partially covered in rugged brown
                  | scales. (AC +1, +3% HP) [demonic ancestry]
   320 | D:1      | Reached XP level 2. HP: 15/22 MP: 5/5
   329 | D:1      | Learned a level 2 spell: Momentum Strike
   353 | D:1      | HP: 1/22 [kobold/+6 short sword (8)]
   354 | D:1      | Mangled by a kobold

Illustrated notes

Levels and vault maps discovered:
D:1:      dpeg_arrival_erosion, layout_loops_corners,
          dilly_ecumenical_altar_fadedgnrine

Skill      XL: |  1  2 |
---------------+-------+-----
Dodging        | 2 |  2.0
Fighting       | |  2.2
Axes           | |  2.8
Spellcasting   | |  2.1
Conjurations   | |  3.1

Action                     || total
---------------------------++-------
  Melee: Hand axe          ||    41
 Armour: Leather armour    ||     7
  Dodge: Dodged            ||    25
